AoeStats
← LEDheadlights

Arabia

505111094Analyzed
1v1 RM · 23d ago on Sep 7, 2026· 29m 29s· 2 players
Game mode
Random Map
Map size
Tiny (2 player)
Population
200
Speed
Normal
Resources
Standard
Victory
Conquest
Starting age
Dark Age
Ending age
Imperial Age
RankedLock teamsTeams togetherTeam positionsShared explorationLock speedFull tech treeHidden civsTurbo modeCheats
Victory
Defeat
🇺🇸 Burgundians · United States
1149
+14
🇨🇱 Persians · Chile
1116
-14
LEDheadlights
2:18 Loom
4:22 Double-Bit Axe
7:32 Loom
10:14 Feudal Age
9:38 Horse Collar
11:21 Bow Saw
14:16 Heavy Plow
17:07 Wheelbarrow
19:46 Castle Age
18:41 Gold Mining
19:26 Scale Barding Armor
19:31 Forging
19:21 Scale Mail Armor
21:09 Chain Barding Armor
21:22 Husbandry
20:43 Cavalier
22:13 Iron Casting
25:50 Squires
25:11 Pikeman
dylvnicolas
6:26 Loom
9:01 Feudal Age
15:32 Forging
19:51 Castle Age
18:43 Double-Bit Axe
19:03 Horse Collar
19:39 Scale Barding Armor
19:38 Gold Mining
24:39 Pikeman
25:44 Husbandry
28:06 Chain Barding Armor
28:49 Wheelbarrow
Connection lost

Rejoining the realm…

Still unreachable

The connection could not be restored.

Session expired

The server has moved on; the page needs a fresh start.